 Dungeon Crawl Stone Soup version 0.19-a0-1931-gf4bb0bd (webtiles) character file.

4363 Musica the Cleaver (level 10, -4/77 HPs)
             Began as a Formicid Fighter on Oct 12, 2016.
             Was a Priest of Hepliaklqana.
             Killed from afar by an oklob plant (11 damage)
             ... with a splash of acid
             ... on level 8 of the Dungeon on Oct 25, 2016.
             The game lasted 00:45:52 (7090 turns).

Musica the Cleaver (Formicid Fighter)               Turns: 7090, Time: 00:45:53

Health: -4/77      AC:  2    Str: 20 (21) XL:     10   Next: 60%
Magic:  16/16      EV: 11    Int:  8 (9)  God:    Hepliaklqana [***...]
Gold:   473        SH:  5    Dex:  9 (12) Spells: 4 memorised, 13 levels left

rFire  . . .     SeeInvis +     g - +3 hand axe (elec)
rCold  . . .     Gourm    .     G - +2 robe {MR+}
rNeg   . . .     Faith    .     v - +0 buckler
rPois  .         Spirit   .     (helmet unavailable)
rElec  .         Reflect  .     w - +1 cloak
rCorr  .         Harm     .     F - +0 pair of gloves
MR     ++...                    O - +2 pair of boots
Stlth  +.........               J - amulet of regeneration
                                (no ring)
                                (no ring)

@: corroded
A: permanent stasis, dig shafts and tunnels, four strong arms, reduced essence,
antennae 3, beak, low mp 1, robust 1
a: Dig, Shaft Self, Recall Ancestor, Ancestor Identity, Transference, Renounce
Religion


You were on level 8 of the Dungeon.
You worshipped Hepliaklqana.
Hepliaklqana was most pleased with you.
You were not hungry.

You visited 1 branch of the dungeon, and saw 9 of its levels.
You also visited: Sewer.

You collected 473 gold pieces.

Inventory:

Hand Weapons
 g - a +3 hand axe of electrocution (weapon)
 r - a +2 hunting sling of freezing
 E - a +0 blowgun
Missiles
 j - 65 poisoned needles
 u - 13 needles of sleeping
 A - 71 sling bullets
 M - 3 javelins of returning (quivered)
Armour
 b - a +0 scale mail
 c - a +1 shield
 v - a +0 buckler (worn)
 w - a +1 cloak (worn)
 F - a +0 pair of gloves (worn)
 G - a +2 robe of magic resistance (worn)
 L - a +1 robe of positive energy
 O - a +2 pair of boots (worn)
Magical Staves
 m - an uncursed staff of fire
Rods
 C - a +2 rod of shadows (10/10)
   (You found it on level 2 of the Dungeon)
Jewellery
 e - an uncursed ring of positive energy
 i - an uncursed amulet of guardian spirit
 J - an amulet of regeneration (around neck)
Wands
 o - a wand of lightning (1/15)
 t - a wand of acid (1/15)
 y - a wand of paralysis (1/24)
 z - a wand of random effects (0/48)
 Q - a wand of flame (14/48)
Scrolls
 k - 3 scrolls of remove curse
 n - 2 scrolls of amnesia
 q - 4 scrolls of fear
 x - 2 scrolls of identify
Potions
 d - a potion of might
 p - 4 potions of curing
 s - 2 potions of lignification
 D - 2 potions of flight
 I - a potion of resistance
Books
 H - a book of Necromancy

   Spells                             Type                      Level
   a - Pain                           Necromancy                   1
   b - Animate Skeleton               Necromancy                   1
   c - Vampiric Draining              Necromancy                   3
   d - Regeneration                   Charms/Necromancy            3
   e - Animate Dead                   Necromancy                   4
   f - Control Undead                 Necromancy                   4
 N - a book of Callings

   Spells                             Type                      Level
   a - Summon Small Mammal            Summoning                    1
   b - Call Imp                       Summoning                    2
   c - Call Canine Familiar           Summoning                    3
   d - Summon Guardian Golem          Hexes/Summoning              3
   e - Summon Lightning Spire         Summoning/Air                4
   f - Summon Ice Beast               Ice/Summoning                4
Comestibles
 a - 3 chunks of flesh
 f - 5 bread rations
 h - 28 fruits
 l - 2 beef jerkies
 B - 4 meat rations


   Skills:
 + Level 6.5 Fighting
 + Level 8.8(9.0) Axes
   Level 2.0(5.9) Polearms
 + Level 3.8(4.0) Slings
 + Level 1.2(2.5) Throwing
 - Level 3.2 Armour
 - Level 6.9 Shields
 + Level 5.2 Spellcasting
 + Level 1.6 Summonings
 + Level 4.3 Necromancy
 + Level 4.8 Invocations


You had 13 spell levels left.
You knew the following spells:

 Your Spells              Type           Power        Failure   Level  Hunger
a - Animate Skeleton      Necr           N/A          4%          1    #......
b - Pain                  Necr           #...         4%          1    #......
c - Summon Small Mammal   Summ           #...         17%         1    #......
d - Call Canine Familiar  Summ           #.......     47%         3    ###....


Dungeon Overview and Level Annotations

Branches:
Dungeon (9/15)             Temple (0/1) D:7
   Lair: D:8-11         Orc: D:9-12

Altars:
Cheibriados
Dithmenos
Elyvilon
Fedhas
Gozag
Hepliaklqana
Kikubaaqudgha
Nemelex Xobeh
Ru
Vehumet

Annotations:
D:8 exclusion: oklob plant


Innate Abilities, Weirdness & Mutations

You are under a permanent stasis effect.
You can dig through walls and to a lower floor.
Your four strong arms can wield two-handed weapons with a shield.
You have a pair of large antennae on your head. (SInv)
Your life essence is reduced. (-10% HP)
You have a beak for a mouth.
Your magical capacity is low. (-10% MP)
You are robust. (+10% HP)


Message History

You are splashed with acid!
The acid burns!
* * * LOW HITPOINT WARNING * * *
Oblivius hits the oklob plant but does no damage.
You feel much better. The oklob plant spits acid at you.
The splash of acid hits you!
* * * LOW HITPOINT WARNING * * *
You are splashed with acid!
The acid burns!
* * * LOW HITPOINT WARNING * * *
Oblivius hits the oklob plant with a dagger of draining.
Evoke which item? (* to show all) (? for menu, Esc to quit)
Zapping:
Q - a wand of flame (will waste charges)
Press: ? - help, Shift-Dir - straight line, f - oklob plant
Aim: an oklob plant (severely damaged)
The puff of flame hits the oklob plant.
The oklob plant is severely damaged.
Evoking this partially-identified wand wasted a few charges.
The oklob plant spits acid at you. The splash of acid hits you!
You die...

#P#.≈≈≈≈._.≈≈≈≈..PPP#
#....<
PP#.≈≈≈≈...≈≈≈≈.###.#
#####R
PP#.≈≈≈≈≈.≈≈≈≈≈.#P#P#
#####R
#PP..≈≈≈≈.≈≈≈≈..#PPP#
#####....R
.P.P..≈≈≈.≈≈≈..PPPP#
#..#.....R
P#PP...≈≈.≈≈..P#PPP##
#..##..P.R
P#PP#P.......PPPP#.P#
##'##)....R
#.P#PPP#.#.#PPPP..%#
#...##...ZR
PPP#P.PPPP#.#...@.P#
#.!..'...ZR


#P#PPPPPPPP...##RP#P# #....'...ZR #PPPP..PPP#..PP.PPP# #...##..ZR.
########################'##..Z.R. ..#.# #.# #..##..##..PR. .##.# #.#
#Z###..#....R. .##.# #.# #.# #####...R. .##.# #.# #.# #># ###R#. .##.# #.#
#Z###.#####R#. You could see the friendly Oblivius the hexer and an oklob plant.

Vanquished Creatures
  Pikel (D:5)
  2 hippogriffs (D:8)
  A sky beast (D:8)
  4 orc warriors
  A slave (D:5)
  A hornet zombie (D:7)
  5 ogres
  A wolf (D:7)
  A phantom (D:4)
  The ghost of Tekks the Slasher, an amateur DEFi (Sewer)
  3 bullfrogs
  3 big kobolds (Sewer)
  6 killer bees (D:8)
  2 howler monkeys
  3 crimson imps
  A jelly (D:5)
  2 centaur skeletons
  2 orc priests
  Crazy Yiuf (D:3)
  3 hounds
  5 orc wizards
  A bullfrog skeleton (D:4)
  2 worker ants
  A howler monkey zombie (D:7)
  2 gnolls (D:7)
  16 adders
  A river rat (Sewer)
  3 shadow imps
  6 oozes
  2 adder zombies
  3 adder skeletons
  6 worms
  A dart slug (D:2)
  5 leopard geckos
  15 orcs
  6 giant cockroaches
  3 goblins
  5 hobgoblins
  8 jackals
  3 quokkas
  3 ball pythons
  A ball python skeleton (D:4)
  11 bats
  4 frilled lizards
  13 kobolds
  A leopard gecko zombie (D:8)
  A quokka zombie (D:7)
  8 rats
  2 bushes (D:8)
  5 plants (D:8)
187 creatures vanquished.

Vanquished Creatures (collateral kills)
  A sky beast (D:6)
  An ice beast (D:7)
  A necrophage (D:7)
  An ogre (D:5)
  2 centaurs (D:7)
  Blork the orc (D:6)
  2 big kobolds
  A howler monkey (D:4)
  An orc wizard (D:7)
  An iguana (D:6)
  A worker ant zombie (D:7)
  A gnoll (D:7)
  A dart slug (D:4)
  6 orcs
  A ball python (D:7)
  A bat (D:3)
  3 jackals (D:7)
  2 kobolds (Sewer)
28 creatures vanquished.

Vanquished Creatures (others)
  2 ogres (D:5)
  A hexer (D:7)
  An adder (D:5)
  An ancestor (Sewer)
  A giant cockroach zombie (D:5)
6 creatures vanquished.

Grand Total: 221 creatures vanquished

Notes
Turn   | Place    | Note
-------+----------+-------------------------------------------
     0 | D:1      | Musica the Formicid Fighter began the quest for the Orb.
     0 | D:1      | Reached XP level 1. HP: 18/18 MP: 1/1
    87 | D:1      | Reached XP level 2. HP: 22/24 MP: 2/2
   487 | D:1      | Reached XP level 3. HP: 29/29 MP: 3/3
   724 | D:2      | Reached skill level 1 in Axes
   751 | D:3      | Found a radiant altar of Vehumet.
   821 | D:2      | Found an ancient bone altar of Kikubaaqudgha.
   922 | D:2      | Reached XP level 4. HP: 27/37 MP: 4/4
  1143 | D:2      | Found a shadowy altar of Dithmenos.
  1187 | D:2      | Found a hazy altar of Hepliaklqana.
  1194 | D:2      | Became a worshipper of Hepliaklqana the Forgotten
  1662 | D:4      | Found a glowing drain.
  1673 | Sewer    | Entered a sewer
  1689 | Sewer    | Reached * piety under Hepliaklqana
  1749 | Sewer    | Reached skill level 2 in Axes
  1749 | Sewer    | Reached skill level 5 in Shields
  1749 | Sewer    | Reached XP level 5. HP: 29/37 MP: 5/5
  1793 | Sewer    | Noticed Tekks's ghost (amateur DEFi)
  1811 | Sewer    | Killed Tekks's ghost
  1811 | Sewer    | Reached skill level 1 in Invocations
  1815 | Sewer    | Noticed a big kobold
  1830 | Sewer    | Killed a big kobold
  1830 | Sewer    | Reached skill level 3 in Axes
  1830 | Sewer    | Reached XP level 6. HP: 29/44 MP: 5/7
  2050 | Sewer    | Reached XP level 7. HP: 45/49 MP: 8/8
  2223 | Sewer    | Reached skill level 4 in Axes
  2269 | Sewer    | Upgraded the game from 0.19-a0-1861-g35def1e to 0.19-a0-1931-gf4bb0bd
  2353 | D:5      | Entered Level 5 of the Dungeon
  2570 | D:3      | Reached XP level 8. HP: 33/54 MP: 10/10
  2573 | D:3      | Reached skill level 5 in Axes
  2893 | D:3      | Reached ** piety under Hepliaklqana
  2894 | D:3      | Remembered your ancestor Oblivius as a hexer
  2917 | D:3      | Found a runed door.
  2922 | D:3      | Noticed Crazy Yiuf
  2929 | D:3      | Killed Crazy Yiuf
  3230 | D:5      | Noticed Pikel
  3248 | D:5      | Killed Pikel
  3248 | D:5      | Reached skill level 5 in Fighting
  3248 | D:5      | Reached skill level 6 in Axes
  3248 | D:5      | Reached skill level 1 in Slings
  3297 | D:4      | Learned a level 1 spell: Animate Skeleton
  3324 | D:4      | Reached skill level 1 in Throwing
  3628 | D:4      | Reached XP level 9. HP: 61/61 MP: 12/12
  3760 | D:4      | Learned a level 1 spell: Pain
  3836 | D:5      | Gained mutation: You are robust. (+10% HP) [potion of mutation]
  3836 | D:5      | Gained mutation: Your magical capacity is low. (-10% MP) [potion of mutation]
  3836 | D:5      | Gained mutation: You have a beak for a mouth. [potion of mutation]
  3899 | D:5      | Found an opulent altar of Gozag.
  3998 | D:5      | Reached skill level 7 in Axes
  3998 | D:5      | Reached skill level 1 in Spellcasting
  4216 | D:5      | Identified a +2 rod of shadows (10/10) (You found it on level 2 of the Dungeon)
  4287 | D:5      | Reached skill level 1 in Necromancy
  4405 | D:6      | Noticed Blork the orc
  4415 | D:6      | Killed Blork the orc
  5196 | D:7      | Learned a level 1 spell: Summon Small Mammal
  5571 | D:7      | Found a staircase to the Ecumenical Temple.
  5580 | D:7      | Reached skill level 8 in Axes
  5583 | D:7      | Reached *** piety under Hepliaklqana
  5598 | D:7      | Reached XP level 10. HP: 76/76 MP: 12/12
  5619 | D:7      | Learned a level 3 spell: Call Canine Familiar
  5662 | D:7      | Reached skill level 1 in Summonings
  5888 | D:7      | Found a sparkling altar of Nemelex Xobeh.
  5888 | D:7      | Found an opulent altar of Gozag.
  6019 | D:8      | Found a sacrificial altar of Ru.
  6372 | D:8      | Found a white marble altar of Elyvilon.
  6448 | D:8      | Found a snail-covered altar of Cheibriados.
  6554 | D:8      | Found a blossoming altar of Fedhas.
  6565 | D:8      | Noticed an oklob plant
  6748 | D:8      | Reached skill level 5 in Spellcasting
  7090 | D:8      | Killed from afar by an oklob plant

Vault maps used:
D:1:      doesnt_arrival_eight_statues
D:2:      old_standard_altar, nicolae_overflow_hidden_temple,
          grunt_dithmenos_smoke, minmay_misc_feat_cross, minmay_surrounded
D:3:      overflow_temple_1_default, first_bread, uniq_crazy_yiuf_cottage
D:4:      portal_sewer_entry_d, minivault_4, dk_noncrumbling_3,
          kennysheep_generic_room_3
D:5:      corner_web_ring, grunt_gozag_statues, uniq_pikel
D:6:      uniq_blork_the_orc
D:7:      grunt_temple_overflow_opulence
D:8:      kennysheep_little_box, tgw_fedhas, nicolae_ru_path_of_blood,
          elyvilon_altar_1, blue_anna_alchemist
D:9:      led_sif_book, serial_shops, shop, serial_park_tiny_pond
Sewer:    sewer_co_tree

Skill      XL: |  1  2  3  4  5  6  7  8  9 10 |
---------------+-------------------------------+-----
Shields        | 4 5 6 |  6.9
Axes           | 1 2 3 4 6 8 |  8.8
Fighting       | 4 5 6 |  6.5
Invocations    | 1 2 3 4 |  4.8
Slings         | 2 3 |  3.8
Throwing       | 1 |  1.2
Spellcasting   | 2 5 |  5.2
Necromancy     | 3 4 |  4.3
Summonings     | 1 |  1.6
Polearms       | |  2.0
Armour         | |  3.2

Action                   |  1- 3 |  4- 6 |  7- 9 | 10-12 || total
-------------------------+-------+-------+-------+-------++-------
Melee: Trident           |    23 |       |       |       ||    23
       Hand axe          |    96 |   126 |   240 |   137 ||   599
       Peck              |       |       |    24 |    28 ||    52
 Fire: Blowgun           |       |       |     4 |       ||     4
       Hunting sling     |       |       |    22 |     1 ||    23
Throw: Javelin           |       |       |     1 |       ||     1
 Cast: Animate Skeleton  |       |       |    19 |    16 ||    35
       Pain              |       |       |     3 |       ||     3
       Summon Small Mamm |       |       |     2 |       ||     2
       Call Canine Famil |       |       |       |     6 ||     6
Invok: Ancestor Identity |       |       |     1 |       ||     1
       Ancestor Life: He |       |       |     1 |       ||     1
       Recall Ancestor   |       |       |     1 |       ||     1
 Abil: Dig               |       |       |       |     1 ||     1
Evoke: Wand              |       |       |     6 |     8 ||    14
       Rod               |       |       |       |     3 ||     3
  Use: Scroll            |     1 |    10 |     5 |     4 ||    20
       Potion            |       |     2 |     8 |     4 ||    14
 Stab: Confused          |       |       |     2 |       ||     2
       Distracted        |       |       |     1 |     1 ||     2
       Paralysed         |       |       |       |     4 ||     4
  Eat: Chunk             |       |     3 |    13 |     4 ||    20
       Pizza             |       |     1 |       |     2 ||     3
Armor: Scale mail        |    52 |    37 |    18 |       ||   107
       Robe              |       |       |    18 |    35 ||    53
Dodge: Dodged            |    45 |    38 |    79 |    36 ||   198
Block: Shield            |    64 |    71 |    70 |       ||   205
       Buckler           |       |       |    15 |    16 ||    31
